 Dungeon Crawl Stone Soup version 0.22.0-6-g71bd7aa6b3 (webtiles) character file.

139 Kirk the Cleaver (level 5, 40/40 HPs)
             Began as a Demonspawn Gladiator on Aug 15, 2018.
             Quit the game on level 3 of the Dungeon.
             The game lasted 00:03:07 (1792 turns).

Kirk the Cleaver (Demonspawn Gladiator)             Turns: 1792, Time: 00:03:08

Health: 40/40      AC:  5    Str: 13 (15) XL:     5   Next: 1%
Magic:  5/5        EV: 12    Int:  7 (10) God:
Gold:   131        SH:  0    Dex: 12 (14) Spells: 4/4 levels left

rFire    . . .     SeeInvis .   a - +0 war axe
rCold    . . .     Gourm    .   (no shield)
rNeg     . . .     Faith    .   b - +0 leather armour
rPois    .         Spirit   .   c - +0 helmet
rElec    .         Reflect  .   (no cloak)
rCorr    .         Harm     .   (no gloves)
MR       .....                  (no boots)
Stlth    +.........             (no amulet)
HPRegen  0.13/turn              (no ring)
MPRegen  0.09/turn              (no ring)

@: no status effects
A: rugged brown scales 1, spiny 1
a: no special abilities


You were on level 3 of the Dungeon.
You were hungry.

You visited 1 branch of the dungeon, and saw 3 of its levels.

You collected 131 gold pieces.

Inventory:

Hand Weapons
 a - a +0 war axe (weapon)
 p - a +0 blowgun
Missiles
 d - 3 throwing nets (quivered)
 q - 10 poisoned needles
Armour
 b - a +0 leather armour (worn)
 c - a +0 helmet (worn)
Wands
 g - a wand of flame (15)
 o - a wand of digging (22)
Scrolls
 e - a scroll of teleportation {unknown}
 h - a scroll of identify {unknown}
 i - a scroll of random uselessness {unknown}
 j - a scroll of fear {unknown}
 k - a scroll of remove curse {unknown}
 l - 2 scrolls of amnesia {unknown}
Potions
 n - a potion of curing
Comestibles
 f - 4 rations


   Skills:
 + Level 2.3 Fighting
 * Level 11.1 Axes
 - Level 1.7 Throwing
 + Level 0.8 Armour
 - Level 2.6 Dodging


You had 4 spell levels left.
You didn't know any spells.
Your spell library was empty.

Dungeon Overview and Level Annotations

Branches:
Dungeon (3/15)

Altars:
Wu Jian

Annotations:
D:3 Sigmund


Innate Abilities, Weirdness & Mutations

You are partially covered in rugged brown scales. (AC +1, +3% HP)
You are partially covered in sharp spines.


Message History

You slash the kobold!
You kill the kobold!
No target in view!
No target in view!
You see here a kobold corpse.
Sigmund the Dreaded comes into view.
He is wielding a scythe.
Sigmund shouts!
Sigmund points at you and mumbles some strange words.
You are confused.
Found a faded altar of an unknown god.
Sigmund is nearby!
It was a potion of curing.
You feel better. Sigmund closely misses you.
Okay, then.
It was a potion of experience.
You feel more experienced!
Your Axes skill gained 7 levels and is now at level 11!
You have reached level 5!
Your demonic ancestry asserts itself...
Sharp spines emerge from parts of your body.
Are you sure you want to abandon this character and quit the game? (Confirm with "yes".)

_.#.. .#.. # #...
#. ... # .. ..#.#
#.##.#.##
#.....@.#
#######.####.#
........@....#
#######.###### #.#
#######.######
.............+
##.########.######
#............#
#..######....#
#.......#....#


There were no monsters in sight!

Vanquished Creatures
  2 adders (D:2)
  2 worms (D:2)
  A leopard gecko (D:1)
  2 ball pythons
  8 bats
  A giant cockroach (D:2)
  3 goblins
  5 hobgoblins
  4 jackals
  6 kobolds
  2 frilled lizards (D:2)
  7 rats
43 creatures vanquished.

Notes
Turn   | Place    | Note
-------+----------+-------------------------------------------
     0 | D:1      | Kirk the Demonspawn Gladiator began the quest for the Orb.
     0 | D:1      | Reached XP level 1. HP: 16/16 MP: 1/1
    41 | D:1      | Reached skill level 3 in Axes
    47 | D:1      | Gained mutation: You are partially covered in rugged brown scales. (AC +1, +3% HP) [demonic ancestry]
    47 | D:1      | Reached XP level 2. HP: 9/22 MP: 2/2
  1065 | D:2      | Reached XP level 3. HP: 17/27 MP: 3/3
  1218 | D:2      | Found an ornate altar of the Wu Jian Council.
  1356 | D:2      | HP: 1/28 [worm (5)]
  1556 | D:2      | Reached skill level 4 in Axes
  1766 | D:3      | Reached XP level 4. HP: 35/35 MP: 4/4
  1788 | D:3      | Found a faded altar of an unknown god.
  1788 | D:3      | Noticed Sigmund
  1791 | D:3      | Reached skill level 11 in Axes
  1791 | D:3      | Gained mutation: You are partially covered in sharp spines. [demonic ancestry]
  1791 | D:3      | Reached XP level 5. HP: 40/40 MP: 5/5
  1792 | D:3      | Quit the game

Skill      XL: |  1  2  3  4 |
---------------+-------------+-----
Axes           | 3 4 11 | 11.1
Fighting       | |  2.3
Throwing       | |  1.7
Armour         | |  0.8
Dodging        | |  2.6

Action                   |  1- 3 |  4- 6 || total
-------------------------+-------+-------++-------
Melee: War axe           |   131 |     4 ||   135
  Use: Potion            |     4 |     2 ||     6
  Eat: Chunk             |     2 |       ||     2
Armor: Leather armour    |    73 |     1 ||    74
Dodge: Dodged            |   100 |     3 ||   103
